 Dungeon Crawl Stone Soup version 0.26-a0-21-gf97e55dc39 (webtiles) character file.

Game seed: 18264491156234103707, levelgen mode: deterministic

6393 vurker the Grappler (level 10, -4/104 HPs)
             Began as a Troll Chaos Knight on May 26, 2020.
             Was a Plaything of Xom.
             Slain by a seven-headed hydra (14 damage)
             ... on level 9 of the Dungeon.
             The game lasted 00:20:03 (7299 turns).

vurker the Grappler (Troll Chaos Knight)            Turns: 7299, Time: 00:20:05

Health: -4/104     AC:  8    Str: 28    XL:     10   Next: 66%
Magic:  12/12      EV: 14    Int:  8    God:    Xom [..*...]
Gold:   640        SH:  0    Dex:  9    Spells: 9/9 levels left

rFire    + . .     SeeInvis .     - Unarmed
rCold    + . .     Gourm    +   (no shield)
rNeg     + . .     Faith    .   A - +1 robe "Arruocsa" {rF+ rC+ Str+3}
rPois    .         Spirit   .   g - +1 hat
rElec    .         Reflect  .   y - +0 cloak
rCorr    .         Harm     .   (gloves unavailable)
MR       .....                  (boots unavailable)
Stlth    +.........             B - amulet of the acrobat
HPRegen  0.67/turn              i - ring of positive energy
MPRegen  0.13/turn              E - +4 ring of evasion

@: about to teleport
A: large, unfitting armour, claws 3, hooves 1, deformed body, fast metabolism 3,
gourmand, regeneration 1, shaggy fur 1, tough skin 3, evolution 1
a: Renounce Religion


You were on level 9 of the Dungeon.
You worshipped Xom.
You were a toy of Xom.
You were completely stuffed.

You visited 1 branch of the dungeon, and saw 9 of its levels.
You also visited: Sewer.

You collected 640 gold pieces.

Inventory:

Missiles
 n - 29 poisoned darts (quivered)
 z - 5 javelins
 D - 8 boomerangs
 F - 5 large rocks
Armour
 g - a +1 hat (worn)
   (You found it on level 5 of the Dungeon)
 y - a +0 cloak (worn)
   (You found it on level 3 of the Dungeon)
 A - the +1 robe "Arruocsa" (worn) {rF+ rC+ Str+3}
   (Xom gifted it to you on level 5 of the Dungeon)

   It affects your strength (+3).
   It protects you from fire.
   It protects you from cold.
Jewellery
 i - a ring of positive energy (left claw)
   (You found it on level 3 of the Dungeon)
 l - an uncursed ring of see invisible
   (You found it on level 4 of the Dungeon)
 B - an amulet of the acrobat (around neck)
   (You found it on level 8 of the Dungeon)
 E - a +4 ring of evasion (right claw)
   (You found it on level 8 of the Dungeon)
Wands
 c - a wand of disintegration (8)
   (You found it on level 7 of the Dungeon)
 j - a wand of polymorph (16)
   (You took it off Natasha on level 4 of the Dungeon)
 t - a wand of flame (19)
   (You took it off a hobgoblin on level 6 of the Dungeon)
 u - a wand of paralysis (3)
   (You took it off Pikel on level 9 of the Dungeon)
 x - a wand of acid (8)
   (You found it on level 7 of the Dungeon)
Scrolls
 a - a scroll of noise {unknown}
 f - 5 scrolls of teleportation
 h - 12 scrolls of remove curse
 k - 2 scrolls of fog
 v - 5 scrolls of fear {unknown}
 w - a scroll of enchant armour {unknown}
 C - a scroll of enchant weapon {unknown}
 G - 2 scrolls of immolation {unknown}
 L - 2 scrolls of silence {unknown}
Potions
 b - 2 potions of haste {unknown}
 d - a potion of might {unknown}
 m - 3 potions of lignification
 o - 2 potions of heal wounds
 q - 3 potions of curing
 r - a potion of resistance
 s - 2 potions of degeneration {unknown}
 H - 2 potions of flight {unknown}
 I - 2 potions of mutation {unknown}
 K - a potion of invisibility {unknown}
Comestibles
 e - 29 rations
 J - 13 chunks of flesh


   Skills:
 + Level 7.7 Fighting
 - Level 1.9 Dodging
 * Level 12.4 Unarmed Combat
 + Level 4.3 Evocations


You had 9 spell levels left.
You didn't know any spells.
Your spell library contained the following spells:

 Spells                   Type           Power        Failure   Level  Hunger
 Freeze                   Ice            #...         41%         1    ##.....
 Frozen Ramparts          Ice            #.....       78%         3    ####...
 Ozocubu's Armour         Chrm/Ice       #.......     78%         3    ####...
 Hailstorm                Conj/Ice       #.......     99%         4    #####..
 Summon Ice Beast         Ice/Summ       #.......     99%         4    #####..


Dungeon Overview and Level Annotations

Branches:
Dungeon (9/15)             Temple (0/1) D:7            Lair (0/6) D:8
    Orc (0/2) D:9           Sewer (visited)

Altars:
Ashenzari
Cheibriados
Dithmenos
Elyvilon
Fedhas
Gozag
Hepliaklqana
Kikubaaqudgha
Makhleb
Vehumet
Wu Jian
Xom
Yredelemnul
Zin

Shops:
D:6 [   D:7 :=   D:8 [


Innate Abilities, Weirdness & Mutations

You are too large for most types of armour.
You have claws for hands.
Your metabolism is lightning-fast.
You like to eat raw meat.
Your natural rate of healing is unusually fast.
You are covered in fur. (AC +1)
You have extremely tough skin. (AC +3)
You have large cloven feet.
Armour fits poorly on your strangely shaped body.
You evolve.


Message History

L - 2 scrolls labeled TECKUE ASSIPOBBEU (gained 1)
Found a paperback book.
Xom smirks.
You detect creatures!
You pick up a book of Frost and begin reading...
You add the spells Freeze, Frozen Ramparts, Ozocubu's Armour, Hailstorm and Summon Ice Beast to your library.
Found a dagger.
You see here 2 potions of magic.
You see here 15 sling bullets.
Found 6 sling bullets.
You see here 16 sling bullets.
You see here a dagger.
A seven-headed hydra comes into view.
A seven-headed hydra is nearby!
The seven-headed hydra misses you. x2
The seven-headed hydra bites you but does no damage.
The seven-headed hydra bites you! The seven-headed hydra bites you.
The seven-headed hydra completely misses you.
The seven-headed hydra misses you.
Aim: a seven-headed hydra (chance to defeat MR: 50%)
The seven-headed hydra is blasted!
The seven-headed hydra bites you but does no damage.
The seven-headed hydra barely misses you. x2
The seven-headed hydra misses you. The seven-headed hydra bites you!
The seven-headed hydra closely misses you.
The seven-headed hydra bites you!
Aim: a seven-headed hydra (lightly wounded, chance to defeat MR: 50%)
The seven-headed hydra resists with some effort.
The seven-headed hydra bites you! The seven-headed hydra bites you.
The seven-headed hydra bites you!
* * * LOW HITPOINT WARNING * * *
The seven-headed hydra barely misses you.
The seven-headed hydra bites you!
* * * LOW HITPOINT WARNING * * *
The seven-headed hydra closely misses you.
The seven-headed hydra bites you!
* * * LOW HITPOINT WARNING * * *
Quiver which item? (- for none, * to show all) (? for menu, Esc to quit)
Okay, then.
Okay, then.
Aim: a seven-headed hydra (lightly wounded, chance to defeat MR: 25%)
Okay, then.
As you read the scroll of teleportation, it crumbles to dust.
You feel strangely unstable.
The seven-headed hydra closely misses you.
The seven-headed hydra bites you!
* * * LOW HITPOINT WARNING * * *
The seven-headed hydra bites you!
You die...
Xom thinks this is hilarious!

# # # # # ## ## ### ### ###
### #.# #(###)###.###.## #Z.
#.# #.#.#.#.#.#.#.###.# !#
#.# #@###.###.###.##.# #.#
#.#.#D#.#.#.#.###.#.# #.#
#.###.###.###.#.##.. #.#
#.#.#.#.#.#.###.###.# #.#
###.# #.###.###.#.#.##.# #.#
#.#.#.#.#.#(#.###.###.#.#
#.#.#.###.###.###.#.#.#.##..
#)#†#.#.#.#.#.###.###!###..
##)#.#.###.###.#.#.#.#.##..


You could see a seven-headed hydra.

Vanquished Creatures
  Pikel (D:9)
  An ugly thing (D:9)
  A troll (D:9)
  A meliai (shapeshifter) (D:4)
  Grinder (D:6)
  A hippogriff (D:9)
  A shadow (D:9)
  A hungry ghost (D:9)
  3 ice beasts (D:8)
  3 orc warriors
  A sky beast (D:9)
  3 phantoms
  A necrophage (D:9)
  4 ogres
  4 centaurs
  A crocodile (D:8)
  3 big kobolds
  A gnoll sergeant (D:9)
  5 bullfrogs
  A scorpion (D:6)
  2 troll zombies (D:9)
  10 killer bees
  4 wights (D:9)
  5 howler monkeys
  3 crimson imps (D:9)
  2 quasits
  3 orc priests
  3 bullfrog skeletons
  3 hounds
  2 jellies
  5 orc wizards
  Natasha (thrice) (D:4)
  5 worker ants
  5 ogre zombies (D:9)
  3 gnolls
  13 adders
  4 river rats
  2 shadow imps
  3 adder skeletons
  7 worms
  4 leopard geckos
  19 orcs
  6 bats
  7 giant cockroaches
  10 goblins
  7 hobgoblins
  4 jackals (D:4)
  13 kobolds
  A quokka (D:4)
  4 ball pythons
  13 frilled lizards
  2 goblin skeletons (D:9)
  4 goblin zombies (D:9)
  2 hobgoblin zombies (D:9)
  A jackal zombie (D:8)
  4 orc skeletons (D:9)
  11 orc zombies (D:9)
  A quokka skeleton (D:9)
  14 rats
252 creatures vanquished.

Vanquished Creatures (collateral kills)
  An orc warrior (D:2)
  An orc priest (D:2)
  An orc wizard (D:2)
  An adder (D:2)
  An orc (D:2)
5 creatures vanquished.

Vanquished Creatures (others)
  3 slaves (D:9)
  An ogre zombie (D:9)
4 creatures vanquished.

Grand Total: 261 creatures vanquished

Notes
Turn   | Place    | Note
-------+----------+-------------------------------------------
     0 | D:1      | vurker the Troll Chaos Knight began the quest for the Orb.
     0 | D:1      | Reached XP level 1. HP: 22/22 MP: 0/0
   160 | D:1      | Reached XP level 2. HP: 29/29 MP: 1/1
   197 | D:1      | XOM: divination: magic mapping
   734 | D:2      | Found a shimmering altar of Xom.
   779 | D:2      | XOM is BORED!
   779 | D:2      | XOM: 1-stop teleportation journey
   815 | D:2      | Reached XP level 3. HP: 36/36 MP: 2/2
   816 | D:2      | Reached skill level 4 in Unarmed Combat
   905 | D:2      | Found a faded altar of an unknown god.
   940 | D:2      | XOM is BORED!
   940 | D:2      | XOM: polymorph kobold -> river rat
   941 | D:2      | Reached XP level 4. HP: 45/45 MP: 3/3
   991 | D:2      | Noticed an orc warrior
  1017 | D:2      | Killed an orc warrior
  1017 | D:2      | Reached skill level 5 in Unarmed Combat
  1017 | D:2      | Reached XP level 5. HP: 53/53 MP: 4/4
  1020 | D:2      | XOM: butterfly on damage
  1093 | D:2      | XOM: god gift: 53 gold pieces
  1146 | D:2      | XOM: cloud trail
  1230 | D:2      | Found a basalt altar of Yredelemnul.
  1230 | D:2      | Found a hazy altar of Hepliaklqana.
  1231 | D:2      | Found an ancient bone altar of Kikubaaqudgha.
  1231 | D:2      | Found a burning altar of Makhleb.
  1232 | D:2      | Found a shadowy altar of Dithmenos.
  1235 | D:2      | Found a snail-covered altar of Cheibriados.
  1299 | D:2      | XOM: god gift: hand crossbow {god gift}
  1535 | D:3      | XOM: stat loss: -1 Int (7/8)
  1693 | D:3      | XOM: fog
  2089 | D:3      | Found a glowing drain.
  2095 | D:3      | XOM: enchant monster (good)
  2099 | Sewer    | Entered a sewer
  2174 | Sewer    | Reached XP level 6. HP: 38/62 MP: 5/5
  2510 | Sewer    | XOM: scenery: create altars
  2614 | D:3      | XOM: 2-stop teleportation journey
  2831 | D:4      | Reached skill level 6 in Unarmed Combat
  2871 | D:4      | XOM: 7-stop teleportation journey
  2872 | D:4      | Noticed Natasha
  2991 | D:4      | XOM: smoke on damage
  3145 | D:4      | XOM: god gift: 26 gold pieces
  3194 | D:4      | Found an ornate altar of the Wu Jian Council.
  3246 | D:4      | Reached XP level 7. HP: 67/70 MP: 6/6
  3318 | D:4      | Reached skill level 7 in Unarmed Combat
  3500 | D:4      | Killed Natasha
  3539 | D:4      | XOM: cloud trail
  3666 | D:4      | XOM: cloud trail
  3685 | D:4      | Noticed a shapeshifter
  3685 | D:4      | an ogre changed into a shapeshifter
  3685 | D:4      | XOM: polymorph ogre -> shapeshifter
  3685 | D:4      | Noticed a meliai
  3685 | D:4      | a shapeshifter changed into a meliai
  3688 | D:4      | XOM: enchant monster (good)
  3694 | D:4      | Killed a meliai
  3694 | D:4      | Reached skill level 8 in Unarmed Combat
  3783 | D:4      | Noticed Natasha
  3795 | D:4      | Killed Natasha
  3867 | D:4      | Noticed Natasha
  3871 | D:4      | Killed Natasha
  3871 | D:4      | Reached skill level 5 in Fighting
  3878 | D:5      | Entered Level 5 of the Dungeon
  4063 | D:5      | Reached XP level 8. HP: 80/80 MP: 7/7
  4097 | D:5      | XOM: 4-stop teleportation journey
  4195 | D:5      | XOM: god gift: crude robe {god gift}
  4196 | D:5      | Got a crude robe {god gift}
  4207 | D:5      | Identified the +1 robe "Arruocsa" {rF+ rC+ Str+3} (Xom
                  | gifted it to you on level 5 of the Dungeon)
  4559 | D:6      | XOM: 5-stop teleportation journey
  4589 | D:6      | Found Sakeonty's Armour Emporium.
  4628 | D:6      | Found a white marble altar of Elyvilon.
  4737 | D:6      | Noticed Grinder
  4745 | D:6      | Reached skill level 9 in Unarmed Combat
  4927 | D:6      | Found a radiant altar of Vehumet.
  4964 | D:6      | XOM: summons friendly iron imp
  4967 | D:6      | Killed Grinder
  5026 | D:6      | Found a blossoming altar of Fedhas.
  5197 | D:7      | XOM: draining
  5224 | D:7      | Found Jeocody's Jewellery Shoppe.
  5277 | D:7      | Found a staircase to the Ecumenical Temple.
  5408 | D:7      | Found Tufampok's Book Emporium.
  5487 | D:7      | XOM: blink monster(s)
  5506 | D:7      | Found a glowing silver altar of Zin.
  5627 | D:7      | Found an opulent altar of Gozag.
  5631 | D:7      | Reached skill level 1 in Evocations
  5631 | D:7      | XOM: swap monsters
  5636 | D:7      | Reached skill level 10 in Unarmed Combat
  5636 | D:7      | Reached XP level 9. HP: 86/89 MP: 8/8
  5842 | D:8      | Found a staircase to the Lair.
  5887 | D:8      | XOM: 1-stop teleportation journey
  5953 | D:8      | XOM: enchant monster (bad)
  6148 | D:8      | XOM: confusion (+ monsters)
  6209 | D:8      | XOM: give mutations
  6209 | D:8      | Gained mutation: Armour fits poorly on your strangely
                  | shaped body. [Xom's mischief]
  6209 | D:8      | Gained mutation: You evolve. [Xom's mischief]
  6209 | D:8      | Gained mutation: You are clumsy. (Dex -2) [Xom's mischief]
  6209 | D:8      | Lost mutation: You are clumsy. (Dex -2) [Xom's mischief]
  6323 | D:8      | Found Eluliaco's Armour Shoppe.
  6428 | D:8      | XOM is BORED!
  6428 | D:8      | XOM: draining
  6431 | D:8      | Gained mutation: You have large cloven feet. [evolution]
  6509 | D:9      | Noticed an entropy weaver
  6509 | D:9      | a slime creature changed into an entropy weaver
  6509 | D:9      | XOM: polymorph slime creature -> entropy weaver
  6581 | D:9      | XOM: chaos upgrade
  6600 | D:9      | Reached skill level 11 in Unarmed Combat
  6811 | D:9      | XOM: silly message
  6816 | D:9      | Reached XP level 10. HP: 102/102 MP: 11/11
  6833 | D:9      | Noticed a red ugly thing
  6837 | D:9      | Noticed Pikel
  6840 | D:9      | Killed a red ugly thing
  6861 | D:9      | XOM: divination: detect items
  6863 | D:9      | Paralysed by Pikel for 7 turns
  6871 | D:9      | Killed Pikel
  6882 | D:9      | XOM: potion effect (curing)
  6885 | D:9      | Reached skill level 12 in Unarmed Combat
  6921 | D:9      | Found a shattered altar of Ashenzari.
  6925 | D:9      | Found a staircase to the Orcish Mines.
  6939 | D:9      | XOM: noise
  7079 | D:9      | Identified the +3 ring mail of Gluttony {+Inv MR++ Str+4
                  | Int-4}
  7102 | D:9      | XOM: divination: detect creatures
  7105 | D:9      | XOM: cast spell 'Call Canine Familiar'
  7231 | D:9      | XOM: divination: detect creatures
  7292 | D:9      | Noticed a seven-headed hydra
  7299 | D:9      | Slain by a seven-headed hydra

Illustrated notes

Levels and vault maps discovered:
D:1:      giann_wishing_wells, layout_loops_cross
D:2:      layout_loops_ring, minitemple, xom_teletrap_fun,
          chequers_ecumenical_altar_simple_redux, minmay_quadrilaterals
D:3:      layout_loops_corners, cheibrodos_sewer_entry_bend
D:4:      layout_rooms, old_standard_altar, serial_bayou_pond_e,
          minmay_misc_feat_room, minmay_misc_feat_four_crosses,
          minmay_divided_ellipse, uniq_natasha
D:5:      layout_loops_ring, first_ration
D:6:      layout_cave_pools, kennysheep_mini, elyvilon_altar_1, serial_shops,
          shop, vehumet_altar_wand_db, uniq_grinder
D:7:      layout_gridville, nicolae_overflow_crystal_walls,
          minmay_temple_entry_overgrown, serial_shops, shop_coins,
          nicolae_shop_behind_doors, kennysheep_flooded_box
D:8:      layout_loops_ring, lair_entry_dummy, serial_shops,
          nicolae_shop_temple_entry_statues_fountains
D:9:      minmay_imperfect_grid, layout_basic, gammafunk_temple_overflow_pools,
          zombieorc2_lemuel, serial_shops,
          nicolae_shop_competitors_out_of_business, basic_altar, uniq_pikel

Skill      XL: |  1  2  3  4  5  6  7  8  9 10 |
---------------+-------------------------------+-----
Unarmed Combat | 4 5 6 8 10 11 12 | 12.4
Fighting       | 3 4 5 6 7 |  7.7
Evocations     | 1 3 4 |  4.3
Dodging        | |  1.9

Action                   |  1- 3 |  4- 6 |  7- 9 | 10-12 || total
-------------------------+-------+-------+-------+-------++-------
Melee: Unarmed           |    72 |   181 |   307 |   133 ||   693
       Punch             |       |     3 |    10 |     9 ||    22
       Kick              |       |       |    14 |    40 ||    54
Throw: Javelin           |       |     8 |     3 |       ||    11
       Dart              |       |       |     8 |       ||     8
Evoke: Wand              |       |       |       |     4 ||     4
  Use: Scroll            |       |     8 |     3 |     2 ||    13
       Potion            |       |       |     1 |       ||     1
 Stab: Sleeping          |       |     1 |     1 |       ||     2
       Petrifying        |       |       |     1 |       ||     1
       Petrified         |       |       |     1 |       ||     1
       Confused          |       |       |     1 |       ||     1
  Eat: Chunk             |    14 |    22 |    32 |     7 ||    75
Armor: Robe              |    40 |    58 |    94 |    20 ||   212
       Skin              |       |       |    35 |       ||    35
Dodge: Dodged            |    39 |    74 |   123 |    74 ||   310

Table legend:
 A = Non-vault XP
 B = Vault XP
 C = Vault XP percentage of total XP
 D = Non-vault monster count
 E = Vault monster count
 F = Vault count percentage of total count
                 A         B        C        D         E       F
            +---------+---------+-------+---------+---------+-------
      Total |    5207 |    3927 |  43.0 |     164 |      93 |  36.2
            +---------+---------+-------+---------+---------+-------
        D:1 |      26 |       0 |   0.0 |      15 |       0 |   0.0
        D:2 |     218 |      23 |   9.5 |      26 |       5 |  16.1
        D:3 |     130 |      10 |   7.1 |      24 |       2 |   7.7
        D:4 |     461 |     470 |  50.5 |      16 |       9 |  36.0
        D:5 |     191 |       0 |   0.0 |       3 |       0 |   0.0
        D:6 |     492 |     274 |  35.8 |      17 |       2 |  10.5
        D:7 |     547 |       0 |   0.0 |      15 |       0 |   0.0
        D:8 |    1302 |       0 |   0.0 |      22 |       0 |   0.0
        D:9 |    1840 |    3090 |  62.7 |      26 |      53 |  67.1
      Sewer |       0 |      60 | 100.0 |       0 |      22 | 100.0
            +---------+---------+-------+---------+---------+-------
